Map: Frozen Temple

Players

EzPz

  • Race: Protoss Protoss
  • League: Gold
  • Spawn Location: 11:00

Fropez - Winner!

  • Race: Protoss Protoss
  • League: Silver
  • Spawn Location: 5:00

VOD

Have the link to the VOD?

Description

Time

  • Played on: June 27, 2016, 12:05 p.m.
  • Length: 11:04
Show
View Real Time Build Order
Export as new Build Order

EzPz Protoss 

Build Orders:  

Get SALT Encoding   

  12  0:01  Probe (Chrono Boost)  
  13  0:13  Probe (Chrono Boost)  
  14  0:21  Pylon  
  14  0:25  Probe (Chrono Boost)  
  15  0:39  Probe (Chrono Boost)  
  15  0:40  Gateway  
  16  0:49  Probe (Chrono Boost)  
  17  0:52  Assimilator  
  17  1:00  Probe (Chrono Boost)  
  17  1:01  Assimilator  
  18  1:10  Probe (Chrono Boost)  
  19  1:15  Gateway  
  19  1:29  Probe (Chrono Boost)  
  19  1:30  Cybernetics Core  
  20  1:39  Probe (Chrono Boost)  
  21  1:50  Probe (Chrono Boost)  
  22  2:00  Probe (Chrono Boost)  
  23  2:15  Pylon  
  23  2:19  Warp Gate (Chrono Boost)  
  23  2:33  Stalker x2  
  23  2:34  Probe (Chrono Boost)  
  28  2:44  Probe (Chrono Boost)  
  29  2:53  Pylon  
  29  3:10  Nexus  
  29  3:16  Probe (Chrono Boost)  
  30  3:26  Probe (Chrono Boost)  
  35  3:34  Sentry x2  
  35  3:35  Pylon  
  35  3:37  Probe  
  32  3:49  Mothership Core  
  34  4:10  Probe  
  34  4:15  Robotics Facility  
  35  4:28  Probe  
  35  4:30  Probe  
  37  4:33  Stalker  
  37  4:34  Stalker  
  41  4:39  Probe (Chrono Boost)  
  41  4:42  Probe (Chrono Boost)  
  31  5:12  Probe x2 (Chrono Boost)  
  32  5:22  Probe x2 (Chrono Boost)  
  30  5:33  Probe x2 (Chrono Boost)  
  30  5:39  Observer  
  31  5:43  Probe x2 (Chrono Boost)  
  33  5:54  Probe x2 (Chrono Boost)  
  35  6:01  Immortal  
  39  6:04  Probe x2 (Chrono Boost)  
  41  6:15  Probe x2 (Chrono Boost)  
  43  6:25  Probe (Chrono Boost)  
  43  6:32  Stalker x2  
  47  6:41  Probe x2 (Chrono Boost)  
  49  6:52  Probe x2 (Chrono Boost)  
  51  7:06  Probe x2 (Chrono Boost)  
  53  7:11  Stalker x2  
  57  7:17  Probe x2 (Chrono Boost)  
  59  7:32  Probe x2 (Chrono Boost)  
  59  7:34  Nexus  
  59  7:36  Pylon  
  61  7:42  Probe (Chrono Boost)  
  62  8:07  Stargate  
  54  8:31  Probe x2 (Chrono Boost)  
  56  8:41  Stargate  
  56  8:42  Probe x2 (Chrono Boost)  
  58  8:51  Assimilator  
  58  8:52  Probe (Chrono Boost), Assimilator  
  58  8:53  Probe (Chrono Boost)  
  60  9:03  Probe x2 (Chrono Boost)  
  62  9:11  Void Ray (Chrono Boost)  
  62  9:13  Probe  
  62  9:15  Stalker  
  62  9:16  Stalker  
  71  9:35  Void Ray (Chrono Boost)  
  73  9:55  Void Ray (Chrono Boost)  
  47  10:44  Probe x2  
  47  10:45  Probe  
Show
View Real Time Build Order
Export as new Build Order

Fropez Protoss - Winner!

Build Orders: Oracle Opening 

Get SALT Encoding   

  12  0:01  Probe (Chrono Boost)  
  13  0:20  Pylon  
  13  0:22  Probe (Chrono Boost)  
  13  0:26  Assimilator  
  14  0:33  Probe (Chrono Boost)  
  15  0:43  Gateway  
  15  0:45  Probe (Chrono Boost)  
  16  0:55  Probe (Chrono Boost)  
  17  1:06  Probe (Chrono Boost)  
  17  1:08  Pylon  
  18  1:15  Assimilator  
  18  1:16  Probe (Chrono Boost)  
  19  1:27  Pylon  
  20  1:36  Cybernetics Core  
  19  1:45  Probe (Chrono Boost)  
  20  2:14  Stargate  
  21  2:26  Mothership Core (Chrono Boost)  
  22  2:34  Gateway  
  22  2:40  Protoss Air Weapons Level 1  
  21  2:45  Probe (Chrono Boost)  
  22  2:55  Probe (Chrono Boost)  
  23  3:00  Oracle (Chrono Boost)  
  26  3:06  Probe  
  26  3:18  Probe  
  27  3:30  Probe  
  27  3:32  Oracle (Chrono Boost)  
  31  4:01  Probe  
  32  4:03  Phoenix (Chrono Boost)  
  34  4:25  Phoenix (Chrono Boost)  
  34  4:31  Probe, Stargate  
  37  4:46  Phoenix (Chrono Boost)  
  39  5:34  Phoenix (Chrono Boost)  
  39  5:35  Probe  
  39  5:50  Pylon  
  39  5:51  Nexus  
  39  5:53  Pylon  
  39  5:55  Pylon  
  39  5:58  Assimilator  
  39  6:01  Assimilator  
  39  6:03  Protoss Air Armor Level 1 (Chrono Boost)  
  39  6:07  Phoenix x2  
  39  6:08  Probe  
  44  6:20  Probe  
  45  6:37  Phoenix  
  47  6:46  Phoenix  
  49  7:02  Phoenix, Probe  
  49  7:03  Probe  
  53  7:18  Probe  
  53  7:19  Phoenix  
  56  7:27  Probe  
  57  7:40  Fleet Beacon  
  57  7:41  Probe  
  57  7:42  Probe  
  59  7:49  Phoenix  
  61  7:55  Pylon  
  61  8:28  Probe  
  61  8:33  Anion Pulse-Crystals (Chrono Boost)  
  62  8:35  Phoenix  
  62  8:37  Probe  
  65  8:52  Phoenix  
  65  8:54  Nexus  
  67  8:57  Assimilator  
  67  8:59  Assimilator  
  67  9:00  Phoenix, Protoss Air Weapons Level 2 (Chrono Boost)  
  69  9:03  Pylon  
  69  9:04  Pylon  
  69  9:17  Phoenix  
  71  9:25  Phoenix  
  69  10:35  Probe  
  69  10:36  Probe x2  
Tags
 
Matchup
PvP
Replay Pack
All Mines
Spawn Locations
Cross Positions
Add a new tag
Caveats
  • Supply blocks, unpowered buildings, or Contaminate may cause inaccurate times.
  • Supply counts are checked every 10 seconds.